PL
BOSTON PATRIOTS @ CLEVELAND BROWNS
06/06/2042
 
TOP OF THE 1ST
Boston Patriots batting - Pitching for Cleveland Browns : RHP Juan Vias
Pitching: RHP Juan Vias
Batting: SHB Eisse van Opdorp 0-0: Ball
1-0: Swinging Strike
1-1: Ball
2-1: Foul Ball, location: 2F
2-2: Foul Ball, location: 2F
2-2: Foul Ball, location: 2F
2-2: Ball
3-2: SOLO HOME RUN (Line Drive, 9D, EV 101.2 MPH), Distance : 367 ft
Batting: LHB Juan Andrés Martí 0-0: Ground out 4-3 (Groundball, 4, EV 86.9 MPH)
Batting: SHB Jae-woo Ohm 0-0: Called Strike
0-1: Fly out, F8 (Flyball, 89M, EV 96.9 MPH)
Batting: SHB Edward Sterrenburg 0-0: Called Strike
0-1: Ball
1-1: Called Strike
1-2: Foul Ball, location: 2F
1-2: Ball
2-2: Ball
3-2: Fly out, F7 (Flyball, 7, EV 73.8 MPH)
Top of the 1st over - 1 run, 1 hit, 0 errors, 0 left on base; Boston 1 - Cleveland 0
BOTTOM OF THE 1ST
Cleveland Browns batting - Pitching for Boston Patriots : LHP Leo Ingelbrigtsen
Pitching: LHP Leo Ingelbrigtsen
Batting: RHB Tom Camden 0-0: Fly out, F9 (Flyball, 9LS, EV 77.5 MPH)
Batting: RHB Meester Gobbles-Rooster 0-0: Ball
1-0: SINGLE (Groundball, 6D, EV 100.0 MPH)
Batting: LHB Tadayoshi Watanabe 0-0: Called Strike
0-1: Foul Ball, location: 2F
0-2: Ball
1-2: SINGLE (Groundball, 15S, EV 70.6 MPH) (infield hit)
Meester Gobbles-Rooster to second
Batting: RHB Zahid Kashani 0-0: Ball
1-0: Swinging Strike
1-1: Fielders Choice at 2nd, 6-4 (Groundball, 6, EV 82.5 MPH)
Meester Gobbles-Rooster to third
Batting: LHB Jim Brown 0-0: Called Strike
0-1: Ball
1-1: Ball
2-1: Ball
3-1: Fielders Choice at 2nd, 6-4 (Groundball, 6, EV 83.8 MPH)
Bottom of the 1st over - 0 runs, 2 hits, 0 errors, 2 left on base; Boston 1 - Cleveland 0
TOP OF THE 2ND
Boston Patriots batting - Pitching for Cleveland Browns : RHP Juan Vias
Batting: LHB Tural Bishara 0-0: Foul Ball, location: 2F
0-1: Called Strike
0-2: SINGLE (Groundball, 34D, EV 95.0 MPH)
Batting: LHB Freddy Díaz 0-0: Ball
1-0: Ball
2-0: SINGLE (Flyball, 78S, EV 91.2 MPH)
Tural Bishara to second
Batting: RHB Giobbe Bastedo 0-0: Ball
Wild Pitch!
Tural Bishara to third
Freddy Díaz to second
1-0: Called Strike
1-1: Ball
2-1: Called Strike
2-2: Strikes out swinging
Batting: RHB Brevyn Spann-Ford 0-0: Called Strike
0-1: Ball
1-1: Foul Ball, location: 2F
1-2: Foul Ball, location: 2F
1-2: Ball
2-2: Foul Ball, location: 2F
2-2: Ball
3-2: SINGLE (Flyball, 9S, EV 90.0 MPH)
Tural Bishara scores
Freddy Díaz to third
Batting: RHB Jon Osterman 0-0: Swinging Strike
0-1: Ball
1-1: 3-RUN HOME RUN (Flyball, 7D, EV 95.6 MPH), Distance : 385 ft
Batting: SHB Eisse van Opdorp 0-0: Called Strike
0-1: Called Strike
0-2: Ball
1-2: Ball
2-2: Ball
3-2: Foul Ball, location: 2F
3-2: Ground out 4-3 (Groundball, 4MS, EV 70.6 MPH)
Batting: LHB Juan Andrés Martí 0-0: Ball
1-0: Foul Ball, location: 2F
1-1: Foul Ball, location: 2F
1-2: SINGLE (Groundball, 56, EV 102.5 MPH) (infield hit)
Batting: SHB Jae-woo Ohm 0-0: Ball
Juan Andrés Martí steals 2nd base
1-0: Called Strike
1-1: Ball
2-1: Ball
Juan Andrés Martí steals 3rd base
3-1: 2-RUN HOME RUN (Flyball, 89XD, EV 96.2 MPH), Distance : 405 ft
Pitching: LHP Sergio Ramírez
Batting: SHB Edward Sterrenburg 0-0: SOLO HOME RUN (Flyball, 7D, EV 96.9 MPH), Distance : 400 ft
Batting: LHB Tural Bishara 0-0: Ball
1-0: Swinging Strike
1-1: Fly out, F8 (Line Drive, 8RM, EV 108.1 MPH)
Top of the 2nd over - 7 runs, 7 hits, 0 errors, 0 left on base; Boston 8 - Cleveland 0
BOTTOM OF THE 2ND
Cleveland Browns batting - Pitching for Boston Patriots : LHP Leo Ingelbrigtsen
Pitching: RHP José Ruíz
Batting: SHB Jhett Larson 0-0: Fly out, F6 (Line Drive, 6, EV 76.9 MPH)
Batting: LHB Bob Giles 0-0: Ball
1-0: Foul Ball, location: 2F
1-1: Ball
2-1: SINGLE (Groundball, 56D, EV 97.5 MPH)
Batting: RHB Roberto Vázquez 0-0: Fly out, F7 (Line Drive, 7, EV 90.6 MPH)
Batting: SHB Alexei Ponikarov 0-0: Ball
1-0: Swinging Strike
1-1: SINGLE (Groundball, 34D, EV 106.9 MPH)
Bob Giles to second
Batting: RHB Tom Camden 0-0: Swinging Strike
0-1: Ball
1-1: Swinging Strike
1-2: 3-RUN HOME RUN (Flyball, 8RXD, EV 104.4 MPH), Distance : 416 ft
Batting: RHB Meester Gobbles-Rooster 0-0: Ball
1-0: Ball
2-0: Ball
3-0: Base on Balls
Batting: LHB Tadayoshi Watanabe 0-0: Ground out U3 (Groundball, 3S, EV 83.1 MPH)
Bottom of the 2nd over - 3 runs, 3 hits, 0 errors, 1 left on base; Boston 8 - Cleveland 3
TOP OF THE 3RD
Boston Patriots batting - Pitching for Cleveland Browns : LHP Sergio Ramírez
Pitching: RHP Elliot Roebuck
Batting: LHB Freddy Díaz 0-0: Ball
1-0: Ball
2-0: Ball
3-0: Base on Balls
Batting: RHB Giobbe Bastedo 0-0: Ball
1-0: Foul Ball, location: 2F
1-1: Foul Ball, location: 2F
1-2: SINGLE (Groundball, 6M, EV 89.4 MPH) (infield hit)
Freddy Díaz to second
Batting: RHB Brevyn Spann-Ford 0-0: Ball
1-0: Called Strike
1-1: Foul Ball, location: 2F
1-2: Ball
2-2: Grounds into double play, 5-4-3 (Groundball, 56, EV 100.0 MPH)
Freddy Díaz to third
Batting: RHB Jon Osterman 0-0: Ball
1-0: Called Strike
1-1: Called Strike
1-2: Foul Ball, location: 2F
1-2: Ball
2-2: Foul Ball, location: 2F
2-2: Foul Ball, location: 2F
2-2: Ball
3-2: Base on Balls
Batting: SHB Eisse van Opdorp 0-0: Ball
1-0: Ball
2-0: Swinging Strike
2-1: Called Strike
2-2: Foul Ball, location: 2F
2-2: Strikes out looking
Top of the 3rd over - 0 runs, 1 hit, 0 errors, 2 left on base; Boston 8 - Cleveland 3
BOTTOM OF THE 3RD
Cleveland Browns batting - Pitching for Boston Patriots : RHP José Ruíz
Batting: RHB Zahid Kashani 0-0: Foul Ball, location: 2F
0-1: Ball
1-1: Ball
2-1: Ball
3-1: Ground out 6-3 (Groundball, 6, EV 108.1 MPH)
Batting: LHB Jim Brown 0-0: Ground out 1-3 (Groundball, 13S, EV 74.4 MPH)
Batting: SHB Jhett Larson 0-0: Ball
1-0: Ball
2-0: SOLO HOME RUN (Line Drive, 7LD, EV 105.0 MPH) (Inside the Park)
Batting: LHB Bob Giles 0-0: Called Strike
0-1: Ground out 5-3 (Groundball, 56, EV 100.6 MPH)
Bottom of the 3rd over - 1 run, 1 hit, 0 errors, 0 left on base; Boston 8 - Cleveland 4
TOP OF THE 4TH
Boston Patriots batting - Pitching for Cleveland Browns : RHP Elliot Roebuck
Batting: LHB Juan Andrés Martí 0-0: Ball
1-0: Called Strike
1-1: Ball
2-1: Ball
3-1: Base on Balls
Pitching: LHP Nick Altrock
Batting: SHB Jae-woo Ohm 0-0: Ball
1-0: Ball
Wild Pitch!
Juan Andrés Martí to second
2-0: Foul Ball, location: 2F
2-1: Called Strike
2-2: Fly out, F7 (Flyball, 7D, EV 91.2 MPH)
Batting: SHB Edward Sterrenburg 0-0: Ball
1-0: Swinging Strike
1-1: Ball
2-1: Called Strike
2-2: Foul Ball, location: 2F
2-2: Foul Ball, location: 2F
2-2: Ball
3-2: Foul Ball, location: 2F
3-2: Base on Balls
Batting: LHB Tural Bishara 0-0: Called Strike
0-1: Ball
1-1: Ball
2-1: Grounds into double play, 5-4-3 (Groundball, 56, EV 97.5 MPH)
Top of the 4th over - 0 runs, 0 hits, 0 errors, 1 left on base; Boston 8 - Cleveland 4
BOTTOM OF THE 4TH
Cleveland Browns batting - Pitching for Boston Patriots : RHP José Ruíz
Batting: RHB Roberto Vázquez 0-0: Ball
1-0: Ball
2-0: Called Strike
2-1: Foul Ball, location: 2F
2-2: Foul Ball, location: 2F
2-2: Single, Error in OF, E7, batter to second base (Groundball, 56D, EV 98.8 MPH)
Batting: SHB Alexei Ponikarov 0-0: Ball
1-0: Ball
2-0: Fly out, F8 (Flyball, 78S, EV 86.2 MPH)
Batting: RHB Tom Camden 0-0: Called Strike
0-1: Ground out 4-3 (Groundball, 34, EV 91.2 MPH)
Roberto Vázquez to third
Batting: RHB Meester Gobbles-Rooster 0-0: Swinging Strike
0-1: Ground out 6-3 (Groundball, 6, EV 100.0 MPH)
Bottom of the 4th over - 0 runs, 1 hit, 1 error, 1 left on base; Boston 8 - Cleveland 4
TOP OF THE 5TH
Boston Patriots batting - Pitching for Cleveland Browns : LHP Nick Altrock
Batting: LHB Freddy Díaz 0-0: Ball
1-0: Called Strike
1-1: Ball
2-1: Swinging Strike
2-2: Strikes out looking
Batting: RHB Giobbe Bastedo 0-0: Called Strike
0-1: Foul Ball, location: 2F
0-2: Fly out, F9 (Flyball, 9, EV 88.1 MPH)
Batting: RHB Brevyn Spann-Ford 0-0: Called Strike
0-1: Ball
1-1: Ball
2-1: Foul Ball, location: 2F
2-2: Foul Ball, location: 2F
2-2: Ground out 1-3 (Groundball, P, EV 83.8 MPH)
Top of the 5th over - 0 runs, 0 hits, 0 errors, 0 left on base; Boston 8 - Cleveland 4
BOTTOM OF THE 5TH
Cleveland Browns batting - Pitching for Boston Patriots : RHP José Ruíz
Batting: LHB Tadayoshi Watanabe 0-0: Ball
1-0: Foul Ball, location: 2F
1-1: Ball
2-1: Ball
3-1: Foul Ball, location: 2F
3-2: Strikes out swinging
Batting: RHB Zahid Kashani 0-0: Ball
1-0: Foul Ball, location: 2F
1-1: Ball
2-1: SINGLE (Groundball, 6MS, EV 73.1 MPH) (infield hit)
Batting: LHB Jim Brown 0-0: Ball
1-0: Ball
2-0: Ground out U3 (Groundball, 3S, EV 74.4 MPH)
Zahid Kashani to second
Batting: SHB Jhett Larson 0-0: Swinging Strike
0-1: Called Strike
0-2: Ball
1-2: Foul Ball, location: 2F
1-2: Strikes out swinging
Bottom of the 5th over - 0 runs, 1 hit, 0 errors, 1 left on base; Boston 8 - Cleveland 4
TOP OF THE 6TH
Boston Patriots batting - Pitching for Cleveland Browns : LHP Nick Altrock
Batting: RHB Jon Osterman 0-0: DOUBLE (Line Drive, 7LS, EV 98.1 MPH)
Batting: SHB Eisse van Opdorp 0-0: 2-RUN HOME RUN (Flyball, 7LD, EV 87.5 MPH), Distance : 355 ft
Batting: LHB Juan Andrés Martí 0-0: Ball
1-0: Ball
2-0: Called Strike
2-1: Foul Ball, location: 2F
2-2: Ball
3-2: Strikes out swinging
Batting: SHB Jae-woo Ohm 0-0: Ball
1-0: Ball
2-0: Called Strike
2-1: Called Strike
2-2: Foul Ball, location: 2F
2-2: Ball
3-2: SINGLE (Groundball, 6D, EV 107.5 MPH)
Pitching: RHP Hsiao-lou Lei
Batting: SHB Edward Sterrenburg 0-0: Ball
1-0: Called Strike
1-1: Called Strike
1-2: SINGLE (Groundball, 56D, EV 105.0 MPH)
Jae-woo Ohm to second
Batting: LHB Tural Bishara 0-0: Fly out, F8 (Flyball, 78D, EV 91.2 MPH)
Runner from 2nd tags up, SAFE at 3rd with throw by CF
Batting: LHB Freddy Díaz 0-0: Foul Ball, location: 2F
0-1: Foul Ball, location: 2F
0-2: Ball
1-2: Ball
2-2: Foul Ball, location: 2F
2-2: Ball
3-2: SINGLE (Groundball, 3D, EV 103.1 MPH)
Jae-woo Ohm scores
Edward Sterrenburg to second
Edward Sterrenburg to third
Batting: RHB Giobbe Bastedo 0-0: Called Strike
0-1: Ball
1-1: Foul Ball, location: 2F
1-2: Strikes out swinging
Top of the 6th over - 3 runs, 5 hits, 0 errors, 2 left on base; Boston 11 - Cleveland 4
BOTTOM OF THE 6TH
Cleveland Browns batting - Pitching for Boston Patriots : RHP José Ruíz
Batting: LHB Bob Giles 0-0: Foul Ball, location: 2F
0-1: Foul Ball, location: 2F
0-2: Strikes out looking
Batting: RHB Roberto Vázquez 0-0: Foul Ball, location: 2F
0-1: Foul Ball, location: 2F
0-2: Foul Ball, location: 2F
0-2: Foul Ball, location: 2F
0-2: Foul Ball, location: 2F
0-2: Foul Ball, location: 2F
0-2: Ground out 4-3 (Groundball, 4S, EV 78.8 MPH)
Batting: SHB Alexei Ponikarov 0-0: Foul Ball, location: 2F
0-1: Ball
1-1: Fly out, F8 (Flyball, 8RD, EV 95.6 MPH)
Bottom of the 6th over - 0 runs, 0 hits, 0 errors, 0 left on base; Boston 11 - Cleveland 4
TOP OF THE 7TH
Boston Patriots batting - Pitching for Cleveland Browns : RHP Hsiao-lou Lei
Batting: RHB Brevyn Spann-Ford 0-0: Ball
1-0: Foul Ball, location: 2F
1-1: Ball
2-1: Ball
3-1: Base on Balls
Pitching: RHP Tim Walker
Batting: RHB Jon Osterman 0-0: Fly out, F7 (Flyball, 7D, EV 103.1 MPH)
Batting: SHB Eisse van Opdorp 0-0: Fly out, F7 (Flyball, 78D, EV 105.0 MPH)
Batting: LHB Juan Andrés Martí 0-0: Foul Ball, location: 2F
0-1: SINGLE (Groundball, 4D, EV 97.5 MPH)
Brevyn Spann-Ford to second
Batting: SHB Jae-woo Ohm 0-0: Called Strike
0-1: Foul Ball, location: 2F
0-2: Ball
1-2: Fly out, F8 (Flyball, 78XD, EV 75.0 MPH)
Top of the 7th over - 0 runs, 1 hit, 0 errors, 2 left on base; Boston 11 - Cleveland 4
BOTTOM OF THE 7TH
Cleveland Browns batting - Pitching for Boston Patriots : RHP José Ruíz
Pitching: LHP Rafael Herrera
Batting: RHB Tom Camden 0-0: Ball
1-0: Called Strike
1-1: Foul Ball, location: 2F
1-2: Fly out, F8 (Flyball, 8RD, EV 99.4 MPH)
Batting: RHB Meester Gobbles-Rooster 0-0: Called Strike
0-1: Called Strike
0-2: Strikes out swinging
Batting: LHB Tadayoshi Watanabe 0-0: Foul Ball, location: 2F
0-1: Ball
1-1: Called Strike
1-2: Foul Ball, location: 2F
1-2: Foul Ball, location: 2F
1-2: Ball
2-2: Foul Ball, location: 2F
2-2: Ball
3-2: Base on Balls
Batting: RHB Zahid Kashani 0-0: Ball
1-0: Ball
2-0: Called Strike
2-1: Called Strike
2-2: Foul Ball, location: 2F
2-2: Strikes out swinging
Bottom of the 7th over - 0 runs, 0 hits, 0 errors, 1 left on base; Boston 11 - Cleveland 4
TOP OF THE 8TH
Boston Patriots batting - Pitching for Cleveland Browns : RHP Tim Walker
Batting: SHB Edward Sterrenburg 0-0: Ball
1-0: Foul Ball, location: 2F
1-1: Foul Ball, location: 2F
1-2: SINGLE (Line Drive, 7S, EV 89.4 MPH)
Batting: LHB Tural Bishara 0-0: Ball
1-0: Ball
2-0: Ball
3-0: Called Strike
3-1: Foul Ball, location: 2F
3-2: Strikes out looking
Pitching: LHP Stephen Palmer
Batting: LHB Freddy Díaz 0-0: Ball
1-0: Called Strike
1-1: Ball
2-1: Foul Ball, location: 2F
2-2: SINGLE (Groundball, 34D, EV 104.4 MPH)
Edward Sterrenburg to second
Batting: RHB Giobbe Bastedo 0-0: Ball
1-0: Foul Ball, location: 2F
1-1: Ball
2-1: 3-RUN HOME RUN (Line Drive, 7D, EV 105.0 MPH), Distance : 386 ft
Batting: RHB Brevyn Spann-Ford 0-0: Ball
1-0: Ball
2-0: Called Strike
2-1: Ground out U3 (Groundball, 3, EV 105.0 MPH)
Batting: RHB Jon Osterman 0-0: Ground out 5-3 (Groundball, 56, EV 88.1 MPH)
Top of the 8th over - 3 runs, 3 hits, 0 errors, 0 left on base; Boston 14 - Cleveland 4
BOTTOM OF THE 8TH
Cleveland Browns batting - Pitching for Boston Patriots : LHP Rafael Herrera
Batting: LHB Jim Brown 0-0: Ball
1-0: DOUBLE (Groundball, 5L, EV 106.2 MPH)
Batting: SHB Jhett Larson 0-0: Reached on error, E5 (Groundball, 5, EV 85.0 MPH)
Jim Brown to third
Batting: LHB Bob Giles 0-0: Called Strike
0-1: Called Strike
0-2: Fielders Choice at 2nd, 6-4 (Groundball, 56, EV 101.9 MPH)
Jim Brown scores
Batting: RHB Roberto Vázquez 0-0: Called Strike
0-1: Fly out, F4 (Popup, 4, EV 63.8 MPH)
Batting: SHB Alexei Ponikarov 0-0: Called Strike
0-1: Foul Ball, location: 2F
0-2: Fly out, F8 (Line Drive, 8RD, EV 95.6 MPH)
Bottom of the 8th over - 1 run, 1 hit, 1 error, 1 left on base; Boston 14 - Cleveland 5
TOP OF THE 9TH
Boston Patriots batting - Pitching for Cleveland Browns : LHP Stephen Palmer
Batting: SHB Eisse van Opdorp 0-0: Ball
1-0: Ball
2-0: Called Strike
2-1: Ball
3-1: Foul Ball, location: 2F
3-2: Base on Balls
Pitching: RHP Damien Morin
Batting: LHB Juan Andrés Martí 0-0: Ball
1-0: Ball
Wild Pitch!
Eisse van Opdorp to second
2-0: Called Strike
2-1: Ball
3-1: Ground out 6-3 (Groundball, 6M, EV 100.0 MPH)
Eisse van Opdorp to third
Batting: SHB Jae-woo Ohm 0-0: Ball
1-0: Ball
2-0: Called Strike
2-1: Fly out, F7 (Flyball, 78M, EV 89.4 MPH)
Runner from 3rd tags up, SCORES, throw by LF
Batting: SHB Edward Sterrenburg 0-0: Ball
1-0: Called Strike
1-1: Ball
2-1: SINGLE (Flyball, 9S, EV 93.8 MPH)
Batting: LHB Tural Bishara 0-0: Swinging Strike
0-1: Foul Ball, location: 2F
0-2: Strikes out looking
Top of the 9th over - 1 run, 1 hit, 0 errors, 1 left on base; Boston 15 - Cleveland 5
BOTTOM OF THE 9TH
Cleveland Browns batting - Pitching for Boston Patriots : LHP Rafael Herrera
Batting: RHB Tom Camden 0-0: Ball
1-0: Foul Ball, location: 2F
1-1: Foul Ball, location: 2F
1-2: Foul Ball, location: 2F
1-2: Ball
2-2: Strikes out swinging
Pitching: LHP Bing-zhong Qiu
Batting: RHB Meester Gobbles-Rooster 0-0: Ball
1-0: Swinging Strike
1-1: Swinging Strike
1-2: Strikes out swinging
Batting: LHB Tadayoshi Watanabe 0-0: Ball
1-0: Ball
2-0: Ball
3-0: Base on Balls
Batting: RHB Zahid Kashani 0-0: Swinging Strike
0-1: Ground out 2-3 (Groundball, 2L, EV 68.8 MPH)
Bottom of the 9th over - 0 runs, 0 hits, 0 errors, 1 left on base; Boston 15 - Cleveland 5
Friday, March 26th, 2021 - OOTP Baseball 20.8 Build 74